 Dungeon Crawl Stone Soup version 0.30-a0-159-g068b764562 (webtiles) character file.

Game seed: 3024337714720710234

206818 blackman the Bringer of Law (level 19, -12/148 HPs)
             Began as a Human Wanderer on Sept 27, 2022.
             Was the Champion of Zin.
             Mangled by a culicivora (17 damage)
             ... on level 3 of the Spider Nest on Sept 28, 2022.
             The game lasted 01:44:38 (51680 turns).

blackman the Bringer of Law (Human Wanderer)       Turns: 51680, Time: 01:44:39

Health: -12/148    AC: 19    Str: 17    XL:     19   Next: 44%
Magic:  1/32       EV: 26    Int: 20    God:    Zin [******]
Gold:   2923       SH: 26    Dex: 38    Spells: 18/18 levels left

rFire   + + .      SeeInvis .    a - +5 double sword
rCold   . . .      Faith    .    b - +0 tower shield
rNeg    . . .      Spirit   .    R - +5 ring mail of Lugonu's Whim {-Cast Dex+5}
rPois   ∞          Reflect  .    F - +1 helmet
rElec   .          Harm     .    l - +1 cloak {rF+}
rCorr   +          Rampage  .    h - +2 pair of gloves {infuse}
Will    ++...      NoCast   +    c - +0 pair of boots
Stlth   ++........               M - amulet of Levity {Fly rF+ Regen+ Str-4 Int+2}
HPRegen 1.14/turn                V - ring "Dogeb" {Will+ rCorr Str+4 Dex+4 Stlth-}
MPRegen 0.23/turn                y - +4 ring of slaying

@: vitalised, flying
A: no striking features
}: 1/15 runes: decaying
a: Renounce Religion, Recite, Vitalisation, Imprison, Sanctuary, Donate Gold


You were on level 3 of the Spider Nest.
You worshipped Zin.
Zin was exalted by your worship.
You visited 7 branches of the dungeon, and saw 31 of its levels.
You also visited: Bailey, Volcano and Desolation.

You collected 3650 gold pieces.
You spent 489 gold pieces at shops.
You donated 238 gold pieces to Zin.

Inventory:

Hand Weapons
 a - a +5 double sword (weapon)
 X - a +4 scimitar of flaming
Missiles
 j - 3 throwing nets
 x - 58 poisoned darts (quivered)
 L - 4 curare-tipped darts
Armour
 b - a +0 tower shield (worn)
 c - a +0 pair of boots (worn)
 h - a +2 pair of gloves of infusion (worn)
 l - a +1 cloak of fire resistance (worn)
 F - a +1 helmet (worn)
 O - a +0 buckler of cold resistance
 R - the +5 ring mail of Lugonu's Whim (worn) {-Cast Dex+5}
   (You found it on level 1 of the Lair of Beasts)

   Dex:       It affects your dexterity (+5).
   -Cast:     It prevents spellcasting.
Jewellery
 k - the ring "Sanocoug" {rElec rPois rN+ Will+ SInv}
   (You acquired it on level 1 of the Spider Nest)

   [ring of positive energy]

   rElec:     It insulates you from electricity.
   rPois:     It protects you from poison.
   rN:        It protects you from negative energy.
   SInv:      It lets you see invisible.
   Will:      It increases your willpower.
 n - an amulet of reflection
 t - the ring "Denaselo" {*Slow rC+ Int+6}
   (You found it on level 3 of the Dungeon)

   [ring of protection from cold]

   Int:       It affects your intelligence (+6).
   rC:        It protects you from cold.
   *Slow:     It may slow you when you take damage.
 y - a +4 ring of slaying (right hand)
 E - a ring of magical power
 J - the ring of Beereaf {EV+4 Dex+2}
   (You found it on level 9 of the Dungeon)

   [ring of evasion]

   EV:        It affects your evasion (+4).
   Dex:       It affects your dexterity (+2).
 M - the amulet of Levity (around neck) {Fly rF+ Regen+ Str-4 Int+2}
   (You found it on level 9 of the Dungeon)

   [amulet of regeneration]

   Str:       It affects your strength (-4).
   Int:       It affects your intelligence (+2).
   rF:        It protects you from fire.
   Fly:       It grants you flight.
   Regen:     It increases your rate of health regeneration.
 V - the ring "Dogeb" (left hand) {Will+ rCorr Str+4 Dex+4 Stlth-}
   (You took it off a servant of whispers in the Desolation of Salt)

   [ring of resist corrosion]

   Str:       It affects your strength (+4).
   Dex:       It affects your dexterity (+4).
   rCorr:     It protects you from acid and corrosion.
   Will:      It increases your willpower.
   Stlth:     It makes you less stealthy.
Wands
 m - a wand of flame (33)
 z - a wand of digging (22)
 Q - a wand of iceblast (5)
 S - a wand of paralysis (4)
 T - a wand of light (4)
 Y - a wand of mindburst (12)
Scrolls
 e - a scroll of blinking
 o - 3 scrolls of immolation
 p - 3 scrolls of summoning
 r - 3 scrolls of magic mapping
 u - a scroll of vulnerability
 v - 10 scrolls of teleportation
 w - 7 scrolls of poison
 D - 2 scrolls of butterflies
 G - 2 scrolls of fear
 K - 3 scrolls of amnesia
 P - 18 scrolls of identify
 U - 3 scrolls of silence
Potions
 d - 4 potions of invisibility
 f - 2 potions of haste
 g - 3 potions of resistance
 i - 9 potions of magic
 q - 4 potions of flight
 s - 6 potions of mutation
 A - 4 potions of brilliance
 B - 4 potions of attraction
 C - 4 potions of cancellation
 H - 9 potions of curing
 I - 2 potions of berserk rage
 W - 5 potions of might
 Z - 3 potions of heal wounds
Miscellaneous
 N - a phantom mirror


   Skills:
 - Level 12.9 Fighting
 - Level 5.0(11.4) Short Blades
 - Level 15.8(16.1) Long Blades
 - Level 4.4 Armour
 - Level 13.1 Dodging
 - Level 3.0 Stealth
 * Level 15.3 Shields
 - Level 19.2 Invocations


You had 18 spell levels left.
You didn't know any spells.
Your spell library contained the following spells:

 Spells                   Type           Power      Damage    Failure   Level
 Apportation              Tloc           0%         N/A       75%         1
 Foxfire                  Conj/Fire      0%         2x1d4     75%         1
 Necrotise                Necr           0%         1d4       75%         1
 Shock                    Conj/Air       0%         1d3       75%         1
 Summon Small Mammal      Summ           0%         N/A       75%         1
 Blink                    Tloc           0%         N/A       87%         2
 Ensorcelled Hibernation  Hex/Ice        0%         N/A       87%         2
 Passwall                 Tmut/Erth      0%         N/A       87%         2
 Scorch                   Fire           0%         2d5       87%         2
 Sublimation of Blood     Necr           0%         N/A       87%         2
 Volcanic Tap             Conj/Fire/Erth 0%         3d8       87%         2
 Wereblood                Tmut           0%         N/A       87%         2
 Frozen Ramparts          Ice            0%         1d1       98%         3
 Ignite Poison            Fire/Tmut/Pois 0%         N/A       98%         3
 Inner Flame              Hex/Fire       0%         N/A       98%         3
 Kindle Blastsparks       Fire/Tloc/Air  0%         2d10      98%         3
 Mephitic Cloud           Conj/Pois/Air  0%         N/A       98%         3
 Spider Form              Tmut/Pois      0%         N/A       98%         3
 Summon Guardian Golem    Hex/Summ       0%         N/A       98%         3
 Swiftness                Air            0%         N/A       98%         3
 Airstrike                Air            0%         2d(0-16)  100%        4
 Anguish                  Hex/Necr       0%         N/A       100%        4
 Cause Fear               Hex            0%         N/A       100%        4
 Flame Wave               Conj/Fire      0%         2d4       100%        4
 Fulminant Prism          Conj/Hex       0%         3d6       100%        4
 Ice Form                 Ice/Tmut       0%         N/A       100%        4
 Iskenderun's Mystic Bla  Conj/Tloc      0%         2d3       100%        4
 Leda's Liquefaction      Hex/Erth       0%         N/A       100%        4
 Petrify                  Tmut/Erth      0%         N/A       100%        4
 Sticky Flame             Conj/Fire      0%         2d3       100%        4
 Summon Ice Beast         Ice/Summ       0%         N/A       100%        4
 Fireball                 Conj/Fire      0%         3d3       100%        5
 Freezing Cloud           Conj/Ice/Air   0%         6-21      100%        5
 Irradiate                Conj/Tmut      0%         3d11      100%        5
 Iskenderun's Battlesphe  Conj           0%         2d6       100%        5
 Lee's Rapid Deconstruct  Erth           0%         3d5*      100%        5
 Summon Forest            Summ/Tloc      0%         N/A       100%        5
 Summon Mana Viper        Hex/Summ       0%         N/A       100%        5
 Conjure Ball Lightning   Conj/Air       0%         3x3d6     100%        6
 Eringya's Noxious Bog    Tmut/Pois      0%         N/A       100%        6
 Starburst                Conj/Fire      0%         6d3       100%        6
 Statue Form              Tmut/Erth      0%         N/A       100%        6
 Summon Cactus Giant      Summ           0%         N/A       100%        6
 Dragon Form              Tmut           0%         N/A       100%        7
 Enfeeble                 Hex            0%         N/A       100%        7
 Orb of Destruction       Conj           0%         9d5       100%        7
 Summon Hydra             Summ           0%         N/A       100%        7
 Discord                  Hex            0%         N/A       100%        8
 Disjunction              Tloc           0%         N/A       100%        8
 Ignition                 Fire           0%         3d3       100%        8
 Dragon's Call            Summ           0%         N/A       100%        9


Dungeon Overview and Level Annotations

Branches:
Dungeon (15/15)            Temple (1/1) D:6            Lair (5/5) D:10
  Swamp (4/4) Lair:3       Spider (3/4) Lair:2        Slime (0/5) Lair:4
    Orc (2/2) D:12            Elf (1/3) Orc:2        Vaults (0/5) D:13
 Depths (0/4) D:15         Bailey (visited)         Volcano (visited)
Desolation (visited)

Altars:
Dithmenos
Elyvilon
Fedhas
Gozag
Hepliaklqana
Nemelex Xobeh
Okawaru
Qazlal
Ru
Sif Muna
Trog
Vehumet
Wu Jian
Xom
Yredelemnul
Zin
The Shining One
Jiyva

Shops:
D:2 :   D:4 [   Orc:2 ?*[(

Annotations:
D:7 FizzleBang's ghost, novice MeHu
D:15 2 transporters, Guh Rysug's ghost, journeyman DsGl
Spider:2 Roxanne


Message History

The culicivora bites you but does no damage.
You slash something!
You feel you are being watched by something.
Something hits you! x2; Something closely misses you.
You block the culicivora's attack.
You slash something! The culicivora bites you!!
The culicivora draws strength from your injuries!
You feel you are being watched by something.
Something closely misses you. Something hits you but does no damage.
You block something's attack. The culicivora closely misses you.
You miss something.
You feel you are being watched by something.
You block something's attack. x2; Something misses you.
You block the culicivora's attack.
You closely miss something.
You feel you are being watched by something.
You feel your power leaking away. Something hits you!
* * * LOW HITPOINT WARNING * * *
Something hits you.
* * * LOW HITPOINT WARNING * * *
Your divine stamina protects you from strength loss.
You block something's attack. You block the culicivora's attack.
You hit something. You block the culicivora's attack. Something hits you!
* * * LOW HITPOINT WARNING * * *
Something closely misses you. Something barely misses you.
You block the culicivora's attack.
You hit something.
You feel you are being watched by something.
Something hits you!
* * * LOW HITPOINT WARNING * * *
Your divine stamina protects you from strength loss.
You block something's attack. Something stings you. Zin protects you from harm!
You block the culicivora's attack.
You slice something!!
Reactivating autopickup.
You feel a bit more experienced. The culicivora closely misses you.
The culicivora bites you!
You die...

# # #. # #######.. #
###### #....#...
###....# ##........
####......# ##.........
.#.......## #†††.......
.........#####^.s.......
##......#.......@....>..
##.....#..##........##.
#<#..##.##.........#
####.####.##.........#
..###.###.##........##
...###....##........#
.....####...........#
......####.........##
........#^.........#


You could see a culicivora.

Vanquished Creatures
  Arachne (Spider:2)
  Jorgrun (Orc:2)
  Rupert (Spider:1)
  Asterion (Spider:1)
  Kirke (Spider:2)
  Frances (Spider:1)
  A thorn hunter (Swamp:3)
  The ghost of purpskrrrp the Brawler, a journeyman TrFi of Cheibriados (Lair:5)
  An emperor scorpion (Spider:2)
  An imperial myrmidon (Desolation)
  A ghost moth (Spider:3)
  A deep elf elementalist (Elf:1)
  Louise (Spider:2)
  A stone giant (D:15)
  4 eleionomae
  5 bunyips
  2 halazid warlocks (Desolation)
  4 fire dragons
  Josephine (D:10)
  4 crystal guardians (Desolation)
  2 shambling mangroves
  2 ragged hierophants (Desolation)
  11 servants of whispers (Desolation)
  The ghost of Sifeskin the Eclecticist, a journeyman DECj of Vehumet (D:11)
  5 peacekeepers (Desolation)
  A jorogumo (Spider:1)
  11 hydras
  2 ghost crabs (Swamp:1)
  A catoblepas (Lair:1)
  An ogre mage (D:15)
  3 vault guards (D:13)
  A spriggan air mage (Swamp:4)
  2 radroaches (Spider:2)
  5 two-headed ogres
  2 dancing weapons (Elf:1)
  5 boulder beetles
  A centaur warrior (D:15)
  3 tengu warriors (D:15)
  A hell hog (Volcano)
  3 alligators (Swamp:2)
  3 death yaks
  5 orc high priests (Orc:2)
  Urug (Lair:5)
  2 fire crabs (Swamp:4)
  Sonja (Orc:2)
  Nergalle (D:9)
  7 pharaoh ants
  2 sun moths
  5 bog bodies
  8 goliath frogs
  9 skeletal warriors
  3 spriggan druids
  3 orb spiders
  A deep elf archer (Elf:1)
  6 swamp dragons
  2 steelbarb worms
  Pikel (D:4)
  A harpy (shapeshifter) (Elf:1)
  2 lindwurms
  10 orc knights
  An ironbound convoker (Desolation)
  4 deep elf pyromancers (Elf:1)
  15 ugly things
  A deep elf zephyrmancer (Elf:1)
  12 wolf spiders
  A manticore (D:12)
  2 moths of wrath
  5 cyclopes
  4 salamanders (Volcano)
  4 will-o-the-wisps
  4 guardian serpents
  18 elephants
  11 cane toads
  8 black mambas
  2 molten gargoyles
  4 torpor snails
  2 gargoyles (D:13)
  Maggie (D:9)
  3 rime drakes
  A demonic crawler (Spider:1)
  3 kobold demonologists
  2 komodo dragons
  2 freezing wraiths (D:15)
  An unseen horror (shapeshifter) (D:14)
  A tengu conjurer (D:15)
  6 efreet
  9 trolls
  A meliai (Lair:2)
  4 polar bears
  45 saltlings (Desolation)
  10 tyrant leeches
  19 slime creatures
  7 tarantellas
  23 hornets
  17 blink frogs
  A spectral black mamba (Lair:5)
  2 shadows
  10 jumping spiders
  9 spriggans
  Sigmund (D:3)
  4 vampires
  5 wraiths
  A spectral komodo dragon (Lair:5)
  16 wyverns
  7 culicivoras
  A fire bat (Volcano)
  Eustachio (D:3)
  48 yaks
  9 humans
  A fire elemental (D:15)
  Grum (D:8)
  7 steam dragons
  7 vampire mosquitoes
  15 redbacks
  4 wargs
  A catoblepas simulacrum (Lair:5)
  11 swamp worms
  7 acid dragons
  A hell hound (Volcano)
  20 water moccasins
  30 orc warriors
  10 swamp drakes
  A spectral torpor snail (Lair:5)
  3 ice beasts
  A sky beast (D:7)
  2 black bears
  2 black mamba simulacra (Lair:5)
  17 wolves
  6 ogres
  5 boggarts (D:14)
  11 centaurs
  2 phantoms
  6 kobold brigands
  6 bullfrogs
  A necrophage (D:7)
  11 gnoll sergeants
  3 scorpions
  3 wights
  13 killer bees
  3 howler monkeys (D:8)
  5 electric eels (Lair:1)
  29 orc priests
  9 hounds
  2 jellies
  8 gnoll boudas
  7 iguanas
  5 hell rats
  14 orc wizards
  Robin (D:4)
  39 gnolls
  8 adders
  2 river rats (D:10)
  A shadow imp (D:6)
  4 white imps
  2 ufetubi
  7 worms
  3 dart slugs
  64 orcs
  4 endoplasms
  3 giant cockroaches
  17 goblins
  15 hobgoblins
  10 jackals
  6 quokkas
  6 ball pythons
  7 bats
  A frilled lizard (D:1)
  22 kobolds
  9 rats
  A butterfly (Lair:3)
  2 pillars of salt (Elf:1)
1062 creatures vanquished.

Vanquished Creatures (collateral kills)
  A hydra (Swamp:1)
1 creature vanquished.

Vanquished Creatures (others)
  A vault guard (D:13)
  A swamp dragon (Swamp:4)
  A bloated husk (Swamp:2)
  A tyrant leech (Swamp:1)
  A steam dragon (Swamp:4)
  2 humans (Spider:2)
  A swamp drake (Swamp:4)
  An orc wizard (D:3)
  3 orcs (Orc:2)
  A bush (Lair:1)
  10 foxfires
  18 fungi
  2 pillars of salt
  109 plants
152 creatures vanquished.

Grand Total: 1215 creatures vanquished

Notes
Turn   | Place    | Note
-------+----------+-------------------------------------------
     0 | D:1      | blackman the Human Wanderer began the quest for the Orb.
     0 | D:1      | blackman set off with the following items: a +2 short
                  | sword, a potion of lignification, a +0 pair of boots, a
                  | scroll of fear, a +0 robe.
     0 | D:1      | Reached XP level 1. HP: 16/16 MP: 1/1
    35 | D:1      | Reached skill level 1 in Long Blades
    46 | D:1      | Reached XP level 2. HP: 20/22 MP: 2/2
   183 | D:1      | Found a faded altar of an unknown god.
   771 | D:2      | Reached XP level 3. HP: 26/27 MP: 3/3
  1124 | D:2      | Reached XP level 4. HP: 25/33 MP: 4/4
  1363 | D:2      | Found Zyaxuxt's Book Shop.
  2385 | D:3      | Reached XP level 5. HP: 28/38 MP: 5/5
  3166 | D:3      | Reached skill level 5 in Long Blades
  3177 | D:3      | Reached XP level 6. HP: 12/44 MP: 6/6
  3897 | D:3      | Identified the ring "Denaselo" {*Slow rC+ Int+6}
  4863 | D:3      | Noticed Sigmund
  4870 | D:3      | Killed Sigmund
  4871 | D:3      | Reached XP level 7. HP: 50/50 MP: 7/7
  5629 | D:4      | Noticed Eustachio
  7034 | D:3      | Killed Eustachio
  7035 | D:3      | Reached XP level 8. HP: 26/56 MP: 8/8
  7418 | D:4      | Found Jibut's Armour Boutique.
  7480 | D:4      | Noticed Robin
  7483 | D:4      | Killed Robin
  7894 | D:5      | Entered Level 5 of the Dungeon
  9032 | D:5      | Noticed Pikel
  9049 | D:4      | Bought a +2 ring mail of fire resistance for 273 gold
                  | pieces
  9102 | D:4      | Killed Pikel
  9103 | D:4      | Reached XP level 9. HP: 8/61 MP: 9/9
 11394 | D:6      | Found a staircase to the Ecumenical Temple.
 11421 | Temple   | Entered the Ecumenical Temple
 11450 | Temple   | Became a worshipper of Zin the Law-Giver
 12932 | D:7      | Reached XP level 10. HP: 61/67 MP: 10/10
 13143 | D:7      | Reached * piety under Zin
 13786 | D:7      | Reached ** piety under Zin
 14208 | D:7      | Found a transporter.
 14211 | D:7      | Noticed FizzleBang's ghost (novice MeHu)
 14242 | D:7      | Reached skill level 1 in Dodging
 14243 | D:7      | Reached *** piety under Zin
 14612 | D:7      | Found a transporter.
 15426 | D:7      | Noticed a moth of wrath
 15764 | D:7      | Found a hazy altar of Hepliaklqana.
 15764 | D:7      | Found an ornate altar of the Wu Jian Council.
 17202 | D:8      | Reached skill level 5 in Dodging
 17775 | D:9      | Noticed Grum
 17775 | D:9      | Found a flagged portal.
 17784 | D:8      | Reached skill level 1 in Invocations
 17788 | D:8      | Reached skill level 2 in Invocations
 17788 | D:8      | Reached XP level 11. HP: 15/72 MP: 12/12
 18254 | D:8      | Killed Grum
 18257 | D:8      | Reached skill level 3 in Invocations
 18268 | D:9      | HP: 1/72 [something (15)]
 18273 | D:8      | Reached skill level 4 in Invocations
 18287 | Bailey   | Entered a bailey
 19036 | Bailey   | Reached skill level 5 in Invocations
 19146 | Bailey   | Reached skill level 6 in Invocations
 19223 | Bailey   | Reached **** piety under Zin
 19223 | Bailey   | Reached ***** piety under Zin
 19336 | Bailey   | Reached skill level 7 in Invocations
 19788 | Bailey   | Reached ****** piety under Zin
 20375 | D:9      | Identified the ring of Beereaf {EV+4 Dex+2}
 20569 | D:9      | Identified the amulet of Levity {Fly rF+ Regen+ Str-4
                  | Int+2}
 20585 | D:9      | Noticed Maggie
 20591 | D:9      | Killed Maggie
 20831 | D:10     | Entered Level 10 of the Dungeon
 20831 | D:10     | Noticed Nergalle
 21176 | D:10     | Found a staircase to the Lair.
 21208 | D:9      | Killed Nergalle
 21260 | D:10     | Noticed a death yak
 21262 | D:10     | Noticed a death yak
 21262 | D:10     | Noticed a death yak
 21288 | D:9      | Killed a death yak
 21436 | D:10     | Noticed a soul eater
 21641 | D:10     | Identified the +1 scale mail of Liberty {rF- rC+ Dex+4}
 21643 | D:10     | Noticed a sun demon
 21870 | D:10     | Reached XP level 12. HP: 76/78 MP: 17/17
 22499 | D:10     | Killed a death yak
 22677 | D:10     | Found a blossoming altar of Fedhas.
 22805 | D:10     | Noticed Josephine
 22818 | D:10     | Killed Josephine
 22819 | D:10     | Reached skill level 5 in Fighting
 23305 | Lair:1   | Entered Level 1 of the Lair of Beasts
 23550 | Lair:1   | Noticed a catoblepas
 23560 | Lair:1   | Killed a catoblepas
 23644 | Lair:1   | Reached skill level 1 in Armour
 23659 | Lair:1   | Reached skill level 10 in Dodging
 23830 | Lair:1   | Identified the +5 ring mail of Lugonu's Whim {-Cast Dex+5}
 24371 | Lair:2   | Identified the +11 trident of Conscience {pain, rC++}
 24388 | Lair:2   | Reached XP level 13. HP: 99/99 MP: 18/18
 25032 | Lair:2   | Found a hole to the Spider Nest.
 25420 | Lair:3   | Reached skill level 8 in Invocations
 25825 | Lair:3   | Reached skill level 9 in Invocations
 25893 | Lair:3   | Found a staircase to the Swamp.
 26289 | Lair:3   | Reached skill level 10 in Invocations
 26421 | Lair:4   | Found a staircase to the Slime Pits.
 26421 | Lair:4   | Found a viscous altar of Jiyva.
 26532 | Lair:4   | Reached XP level 14. HP: 43/108 MP: 16/22
 26540 | Lair:4   | Reached skill level 11 in Invocations
 27234 | Lair:5   | Entered Level 5 of the Lair of Beasts
 27267 | Lair:5   | Reached skill level 10 in Fighting
 27640 | Lair:5   | Found a runed translucent gate.
 27640 | Lair:5   | Found a runed translucent gate.
 27640 | Lair:5   | Found a runed translucent gate.
 27641 | Lair:5   | Noticed purpskrrrp's ghost (journeyman TrFi)
 27890 | Lair:5   | Noticed Urug
 27903 | Lair:5   | Killed Urug
 28933 | Lair:5   | Killed purpskrrrp's ghost
 29016 | Lair:5   | Got the Parchment of Pyromania
 29215 | D:11     | Identified the +8 long sword of Vakhlisef {holy, Will+
                  | Int+7}
 29718 | D:11     | Found a runed translucent door.
 29720 | D:11     | Noticed Sifeskin's ghost (journeyman DECj)
 29744 | D:11     | Reached skill level 12 in Invocations
 29763 | D:11     | Killed Sifeskin's ghost
 30070 | D:12     | Reached XP level 15. HP: 122/122 MP: 24/24
 30148 | D:12     | Found a staircase to the Orcish Mines.
 30401 | D:12     | Reached skill level 13 in Invocations
 30543 | Orc:1    | Entered Level 1 of the Orcish Mines
 30838 | Orc:2    | Entered Level 2 of the Orcish Mines
 30839 | Orc:2    | Found a staircase to the Elven Halls.
 31105 | Orc:2    | Noticed Jorgrun
 31135 | Orc:2    | Killed Jorgrun
 31208 | Orc:2    | Reached skill level 14 in Invocations
 31425 | Orc:2    | Noticed Sonja
 31433 | Orc:2    | Killed Sonja
 31435 | Orc:2    | Found a dark tunnel.
 31444 | Volcano  | Entered a volcano
 31704 | Volcano  | Reached skill level 15 in Invocations
 32754 | Orc:2    | Reached skill level 16 in Invocations
 32790 | Orc:2    | Found Kago's Magic Scroll Boutique.
 32791 | Orc:2    | Found Zoigepp's Antique Armour Shop.
 32791 | Orc:2    | Found Edaacrub's General Store.
 32792 | Orc:2    | Found Posiwor's Antique Weapon Boutique.
 32798 | Orc:2    | Bought an ichor-stained scimitar for 216 gold pieces
 32798 | Orc:2    | Identified the +11 scimitar of Law {drain, +Blink rC+ rN++
                  | Int-3} (You bought it in a shop on level 2 of the Orcish
                  | Mines)
 32899 | Elf:1    | Entered Level 1 of the Elven Halls
 32924 | Elf:1    | Found a crumbling gateway.
 32926 | Elf:1    | Noticed a deep elf elementalist
 32934 | Elf:1    | Killed a deep elf elementalist
 32939 | Desolati | Entered the Desolation of Salt
 32989 | Desolati | Zin protects you from harm!
 32994 | Desolati | HP: 4/122 [servant of whispers/bolt of lightning (25)]
 33016 | Desolati | Reached XP level 16. HP: 34/129 MP: 21/28
 33501 | Desolati | Reached skill level 17 in Invocations
 34034 | Desolati | Got Sif Muna's Incunable of the Map and Spellbinding
 34410 | Desolati | Reached skill level 18 in Invocations
 34898 | Desolati | Identified the +6 trident "Eminolot" {distort, +Blink rElec
                  | rC+ Str-2}
 34899 | Desolati | Identified the +3 leather armour "Verizy" {rF+ Str+5 Dex-3}
 34921 | Desolati | Identified the ring "Dogeb" {Will+ rCorr Str+4 Dex+4
                  | Stlth-}
 34997 | Desolati | Reached skill level 19 in Invocations
 35194 | Desolati | Identified the +5 short sword "Beetleslayer" {vorpal, Int+3
                  | Dex-5}
 35196 | Desolati | Identified the +7 morningstar of Wipuj {vorpal, rCorr}
 35297 | Elf:1    | Reached skill level 1 in Shields
 36197 | D:13     | Reached skill level 5 in Shields
 36249 | D:13     | Reached XP level 17. HP: 120/135 MP: 19/30
 36349 | D:13     | Found a gate to the Vaults.
 37908 | D:15     | Entered Level 15 of the Dungeon
 38031 | D:15     | Found a transporter.
 38037 | D:15     | Noticed Guh Rysug's ghost (journeyman DsGl)
 38264 | D:15     | Reached skill level 15 in Long Blades
 38931 | D:15     | Identified the +1 robe of Noac {+Inv rF+ Will+ Dex-2}
 39067 | D:15     | Found a transporter.
 39242 | D:15     | Found a staircase to the Depths.
 39433 | D:15     | Found a glowing golden altar of the Shining One.
 39739 | Swamp:1  | Entered Level 1 of the Swamp
 41236 | Swamp:2  | You are sucked into a shaft and drop 1 floor!
 41236 | Swamp:3  | Noticed a thorn hunter
 41236 | Swamp:3  | Found a shadowy altar of Dithmenos.
 41330 | Swamp:2  | Reached skill level 10 in Shields
 41384 | Swamp:2  | Reached XP level 18. HP: 130/142 MP: 24/31
 43164 | Swamp:4  | Entered Level 4 of the Swamp
 46387 | Swamp:3  | HP: 3/142 [poisoned by a swamp dragon (poison gas)]
 47814 | Swamp:4  | Identified the +0 leather armour "Edaewkysa" {rC+ Slay+6}
 47989 | Swamp:4  | Got a decaying rune of Zot
 48099 | Spider:1 | Entered Level 1 of the Spider Nest
 48323 | Spider:1 | Noticed Frances
 48337 | Spider:1 | Killed Frances
 48638 | Spider:1 | Noticed Rupert
 48654 | Spider:1 | Killed Rupert
 48915 | Spider:1 | Noticed Asterion
 48932 | Spider:1 | Killed Asterion
 48994 | Spider:1 | Identified a scroll of acquirement
 48994 | Spider:1 | Acquired the ring "Sanocoug" {rElec rPois rN+ Will+ SInv}
 49228 | Spider:1 | Reached XP level 19. HP: 148/148 MP: 20/32
 49522 | Spider:2 | Noticed Kirke
 49529 | Spider:2 | Killed Kirke
 49582 | Spider:2 | Identified Roxanne's Directory of Grit
 49582 | Spider:2 | Noticed Roxanne
 49717 | Spider:2 | Noticed Arachne
 49744 | Spider:2 | Killed Arachne
 50858 | Spider:2 | Noticed Louise
 50866 | Spider:2 | Killed Louise
 51033 | Spider:2 | Reached skill level 15 in Shields
 51678 | Spider:3 | HP: 3/148 [something (17)]
 51678 | Spider:3 | Zin protects you from harm!
 51680 | Spider:3 | Mangled by a culicivora

Illustrated notes

Levels and vault maps discovered:
D:1:      wander_arrival_peaceful_grave, layout_rooms, serial_corexii_hall,
          corexii_hall_statues_x, chequers_hall_statues_corner_a,
          corexii_hall_statues_s, shapermc_ecumenical_altar_flowoftime,
          minmay_misc_feat_chi, minmay_domino_2
D:2:      layout_basic, serial_shops, nicolae_shop_behind_doors
D:3:      minmay_wonky_spiral, layout_rooms, dk_noncrumbling_3,
          grunt_decor_arrowhead, uniq_sigmund
D:4:      layout_rooms, serial_shops, nicolae_shop_behind_doors, st_stairs_10,
          hangedman_decor_diamond_cutter, dreamdust_princess_bridge, uniq_robin,
          uniq_eustachio
D:5:      layout_loops_ring, uniq_pikel
D:6:      layout_basic, minmay_temple_entry_mist
D:7:      kennysheep_housing_project, layout_rooms,
          gammafunk_temple_overflow_wave, gammafunk_ghost_berserking_beasts
D:8:      layout_gridville
D:9:      layout_loops_ring, enter_bailey_2, uniq_grum, uniq_maggie
D:10:     layout_small_grid, fedhas_altar_4, dpeg_lair_monsters, uniq_nergalle,
          uniq_josephine
D:11:     layout_loops_corners, gammafunk_ghost_grave
D:12:     layout_rooms, erik_orc_4
D:13:     layout_roguey, ximxim_vaults_locker_room
D:14:     layout_irregular_city, kennysheep_another_room
D:15:     grunt_enter_depths_snipers, layout_loops_ring, tso_altar,
          nzn_ghost_randoct, kennysheep_two_boxes
Temple:   compressed_dpeg_triangle_lava_temple
Lair:1:   layout_chaotic_city, nicolae_lair_grazing_beasts
          [nicolae_sub_lair_graze_edge, nicolae_sub_lair_graze_edge,
          nicolae_sub_lair_graze_edge, nicolae_sub_lair_graze_edge],
          serial_bayou_shore_a
Lair:2:   layout_chaotic_city, hellmonk_spider_entry_not_the_bees,
          nicolae_quartered_pool_super, grunt_megastairs_4, lemuel_fruit_tree
Lair:3:   layout_regular_city, minmay_swamp_entry_wisps, lemuel_fruit_fields
Lair:4:   layout_hall_layers, slime_entry_1, grunt_megastairs_5
Lair:5:   hangedman_lair_tendril_chambers, layout_cave_pods,
          guppyfry_lair_end_dragon, gammafunk_ghost_necromancy, uniq_urug
Swamp:1:  layout_basic_swamp, nicolae_swamp_decorative_isthmus, swamp_pool2
Swamp:2:  layout_basic_swamp, nicolae_swamp_very_dense_foliage,
          infiniplex_staircase_pool
Swamp:3:  layout_falls_marsh, basic_altar
Swamp:4:  swamp_fiery, layout_basic_swamp, swamp_pool4
Spider:1: layout_cave_pods, hive_lemuel, uniq_asterion, uniq_rupert,
          uniq_frances
Spider:2: layout_spider_delve, hangedman_spider_tarantella_strand, uniq_roxanne,
          uniq_louise, uniq_arachne, uniq_kirke
Spider:3: layout_cave_pods, drop_trap, nicolae_spider_cling_halls
Orc:1:    layout_caves, serial_shops, shop
Orc:2:    st_orc_pillars, layout_caves, nicolae_volcano_entry_vermiform,
          uniq_jorgrun, uniq_sonja
Elf:1:    layout_geoelf_diagonals, portal_desolation_entry_garden,
          minmay_elf_sorcery, lemuel_upstairs_altar, uniq_azrael

Skill      XL: |  1  2  3  4  5  6  7  8  9 10 11 12 13 14 15 16 17 18 19 |
---------------+----------------------------------------------------------+-----
Long Blades    | 1 2 3 4 5 6 8 11 12 14 15 | 15.8
Dodging        | 5 9 10 11 13 | 13.1
Invocations    | 2 7 10 12 16 19 | 19.2
Fighting       | 8 9 12 | 12.9
Armour         | 2 4 |  4.4
Shields        | 5 10 14 15 | 15.3
Short Blades   | |  5.0
Stealth        | |  3.0

Action                   |  1- 3 |  4- 6 |  7- 9 | 10-12 | 13-15 | 16-18 | 19-21 || total
-------------------------+-------+-------+-------+-------+-------+-------+-------++-------
Melee: Short sword       |    87 |    75 |       |       |       |       |       ||   162
       Punch             |     3 |     3 |     2 |       |       |       |       ||     8
       Whip              |       |   121 |    82 |       |       |       |       ||   203
       Long sword        |       |       |   176 |       |       |       |       ||   176
       Great sword       |       |       |     2 |   531 |   800 |   488 |       ||  1821
       Double sword      |       |       |       |       |       |   516 |   246 ||   762
       Scimitar          |       |       |       |       |       |    14 |       ||    14
 Fire: Arbalest          |       |       |    87 |     9 |       |       |       ||    96
Throw: Dart              |       |       |     4 |    10 |       |     2 |       ||    16
       Throwing net      |       |       |       |     2 |       |     1 |       ||     3
Invok: Imprison          |       |       |       |     1 |     7 |     7 |       ||    15
       Vitalisation      |       |       |       |     1 |     2 |    12 |     6 ||    21
       Recite            |       |       |       |       |    20 |    28 |     6 ||    54
Evoke: Wand              |       |       |       |     8 |     2 |    49 |       ||    59
       Phantom mirror    |       |       |       |       |       |     2 |       ||     2
  Use: Potion            |       |     2 |     9 |     5 |     9 |     4 |       ||    29
       Scroll            |       |       |     1 |    18 |     7 |    14 |       ||    40
 Stab: Sleeping          |     3 |       |       |     4 |     7 |     5 |       ||    19
       Distracted        |       |       |       |     1 |     3 |     1 |       ||     5
       Held in net/web   |       |       |       |     1 |       |     1 |       ||     2
       Confused          |       |       |       |       |    11 |    16 |       ||    27
       Paralysed         |       |       |       |       |    35 |    14 |       ||    49
       Invisible         |       |       |       |       |     9 |     2 |       ||    11
Armor: Robe              |    10 |       |       |       |       |       |       ||    10
       Chain mail        |    42 |   126 |   191 |       |       |       |       ||   359
       Skin              |       |    30 |       |       |       |       |       ||    30
       Ring mail         |       |       |    68 |   244 |   264 |   310 |    46 ||   932
Dodge: Dodged            |    23 |    26 |    98 |   464 |  1108 |   992 |   186 ||  2897
Block: Kite shield       |       |       |       |       |       |   519 |   164 ||   683
       Tower shield      |       |       |       |       |       |       |    91 ||    91

Table legend: (Time is in decaauts)
 A = Elapsed time spent in this place.
 B = Non-inter-level travel time spent in this place.
 C = Inter-level travel time spent in this place.
 D = Time resting spent in this place.
 E = Time spent auto-exploring this place.
 F = Levels seen in this place.
 G = Mean time per level.
                   A        B        C        D        E       F      G
               +--------+--------+--------+--------+--------+-----+--------+
         Total |  51643 |  49473 |   2170 |  20667 |  21448 |  34 | 1518.9 |
       Dungeon |  27289 |  26232 |   1057 |  12614 |  10485 |  15 | 1819.3 |
        Temple |     42 |     25 |     17 |      0 |     18 |   1 |   42.0 |
          Lair |   6553 |   5999 |    554 |    547 |   4386 |   5 | 1310.6 |
         Swamp |   7599 |   7269 |    330 |   4157 |   2162 |   4 | 1899.8 |
   Spider Nest |   3519 |   3474 |     45 |    643 |   2263 |   3 | 1173.0 |
  Orcish Mines |   1778 |   1615 |    163 |    379 |    740 |   2 |  889.0 |
   Elven Halls |    379 |    377 |      2 |      6 |    210 |   1 |  379.0 |
        Bailey |   1697 |   1697 |      0 |   1017 |    466 |   1 | 1697.0 |
       Volcano |    424 |    424 |      0 |      2 |    215 |   1 |  424.0 |
    Desolation |   2358 |   2358 |      0 |   1302 |    503 |   1 | 2358.0 |
               +--------+--------+--------+--------+--------+-----+--------+

Top non-repeatable levels by time:
 Swamp:3: 4085 daAuts
     D:2: 3659 daAuts
     D:7: 3097 daAuts
     D:8: 2467 daAuts
Desolation: 2358 daAuts
     D:6: 2249 daAuts
     D:3: 2245 daAuts
     D:9: 2102 daAuts
     D:5: 1945 daAuts
     D:4: 1840 daAuts
  Lair:5: 1812 daAuts
Spider:1: 1718 daAuts
  Bailey: 1697 daAuts
 Swamp:2: 1640 daAuts
   Orc:2: 1627 daAuts
